cohdb
Replays
Latest Replays
All Replays
Popular Replays
Top Player Replays
Match Explorer
How It Works
Community
CoH3 Stats
Reddit
Sign in to upload your games and track your stats! →
Sign in with Steam
Match 39406051
Unlisted
Match 39406051
Overview
Messages
Build Orders
End
Vickers Machine Gun Team
Selects Canadian Shock Battlegroup
Construct Section Command Post
Infantry Section
Infantry Section
Selects Attacking Spirit
Selects Canadian Shock Section
Canadian Shock Section
Construct Platoon Command Post
CMP 15cwt Truck
Selects Smoke Operation
Canadian Shock Section
6-pounder Anti-tank Gun Team
Unlock Bishop Self-propelled Artillery
Bishop Self-propelled Artillery
Infantry Section
Canadian Shock Section
Reshala
Ranger1408
gao
Turp175
hooveric
kenleung
OnlyJustWhite
retreat_plz
0
0
Comments
sign in to comment!
No comments posted yet!